 Dungeon Crawl Stone Soup version 0.28-a0-925-gd5e1996cdb (webtiles) character file.

Game seed: 10846417597755657137

18 Sobieck the Caller (level 2, -1/11 HPs)
             Began as a Felid Summoner on Nov 26, 2021.
             Slain by a worm (12 damage)
             ... on level 2 of the Dungeon.
             The game lasted 00:03:06 (1291 turns).

Sobieck the Caller (Felid Summoner)                 Turns: 1291, Time: 00:03:07

Health: -1/11      AC:  1    Str:  4    XL:     2   Next: 48%
Magic:  2/6        EV: 17    Int: 16    God:
Gold:   43         SH:  0    Dex: 16    Spells: 2/5 levels left
                                        Lives:  0   Deaths: 0

rFire   . . .      SeeInvis +   (weapon unavailable)
rCold   . . .      Faith    .   (shield unavailable)
rNeg    . . .      Spirit   .   (armour unavailable)
rPois   .          Reflect  .   (helmet unavailable)
rElec   .          Harm     .   (cloak unavailable)
rCorr   .          Rampage  .   (gloves unavailable)
Will    .....                   (boots unavailable)
Stlth   ++........              (no amulet)
HPRegen 0.03/turn               (no ring)
MPRegen 0.10/turn               (no ring)

@: quick
A: very small, claws 1, fangs 3, see invisible, speed 1, shaggy fur 1, stealthy
paws, no weapons or thrown items, no armour, multi-lived
a: no special abilities


You were on level 2 of the Dungeon.
You visited 1 branch of the dungeon, and saw 4 of its levels.

You collected 43 gold pieces.


Innate Abilities, Weirdness & Mutations

You have sharp claws.
You have razor-sharp teeth.
You have supernaturally acute eyesight. (SInv)
You cover ground quickly. (Speed+)
You are covered in fur. (AC +1)
Your paws help you pounce on unaware monsters.
You are incapable of wielding weapons or throwing items.
You cannot wear armour.
You gain extra lives every three experience levels.


   Skills:
 - Level 2.6 Dodging
 - Level 2.6 Stealth
 - Level 2.0 Spellcasting
 * Level 4.7 Summonings


You had 2 spell levels left.
You knew the following spells:

 Your Spells              Type           Power      Damage    Failure   Level
a - Summon Small Mammal   Summ           64%        N/A       3%          1
b - Call Imp              Summ           16%        N/A       4%          2

Your spell library contained the following spells:

 Spells                   Type           Power      Damage    Failure   Level
 Call Canine Familiar     Summ           16%        N/A       9%          3
 Summon Guardian Golem    Hex/Summ       9%         N/A       24%         3
 Summon Lightning Spire   Summ/Air       9%         N/A       61%         4

Inventory:

Scrolls
 a - a scroll of immolation {unknown}
 b - a scroll of teleportation {unknown}
 c - 3 scrolls of identify {unknown}
 e - a scroll of fear {unknown}
Potions
 d - a potion of berserk rage {unknown}

Dungeon Overview and Level Annotations

Branches:
Dungeon (4/15)
 Temple: D:4-7

Altars:

###.##.##
#.############..
#.##.# #.# #....#
#.# ###### #.####
#####5...#
...........####
########......###.#
................
...#...r@r.###..
#.. #....w...# #.
#........# #
#.........#
#...........
##........##.
####...... #.....##


You could see a worm (ally target), a friendly crimson imp (summoned), a
friendly quokka (summoned) and a friendly rat (summoned).


Message History

The dart slug dies!
You swap places.
You swap places.
There is a stone staircase leading down here.
Your quokka disappears in a puff of smoke!
You climb downwards.
There is a stone staircase leading up here.
You climb upwards.
There is a stone staircase leading down here.
You see here a dart slug corpse.
A kobold comes into view. It is wielding a +0 club.
Danger!
The helpless kobold fails to defend itself.
You scratch the kobold.
You kill the kobold!
Unknown command.
Things that are here:
a +0 club {mace}; a kobold corpse Done exploring.
Unknown command.
(D) Dungeon
Where to? (Enter - D:1 @ (x,y), ? - help)
There is a stone staircase leading down here.
You climb downwards.
There is a stone staircase leading up here.
A frilled lizard comes into view.
Danger!
The frilled lizard hisses angrily.
The frilled lizard bites you.
You scratch the frilled lizard.
You kill the frilled lizard!
Unknown command.
Your quokka disappears in a puff of smoke!
Your rat disappears in a puff of smoke!
You now have 43 gold pieces (gained 6).
c - 3 scrolls labelled RUEKUCH IKEUP (gained 1)
e - a scroll labelled ICWULYKERI A ball python comes into view.
Found two stone staircases leading down.
Danger!
Unknown command.
Your bat hits the ball python.
You scratch the ball python but do no damage.
Your bat hits the ball python.
The ball python dies!
No target in view!
Unknown command.
Found a stone staircase leading down.
There is a stone staircase leading down here.
You climb downwards.
Your summoned allies are left behind.
There is a stone staircase leading up here.
You climb upwards.
Your bat disappears in a puff of smoke!
Your quokka disappears in a puff of smoke!
There is a stone staircase leading down here.
There is a stone staircase leading down here.
You climb downwards.
Found 13 sling bullets.
Found a stone staircase leading down.
There is a stone staircase leading up here.
Danger!
A ball python comes into view.
The helpless frilled lizard fails to defend itself.
You scratch the frilled lizard.
You kill the frilled lizard!
The helpless ball python fails to defend itself.
You scratch the ball python.
You kill the ball python!
There is a stone staircase leading down here.
You climb downwards.
There is a stone staircase leading up here.
You climb upwards.
There is a stone staircase leading down here.
There is a stone staircase leading up here.
You climb upwards.
There is a stone staircase leading down here.
There is a stone staircase leading down here.
You climb downwards.
There is a stone staircase leading up here.
You climb upwards.
There is a stone staircase leading down here.
A goblin comes into view. It is wielding a +0 club.
The goblin shouts!
Danger!
Unknown command.
Casting: Summon Small Mammal (safe; 3% risk of failure)
Confirm with . or Enter, or press ? or * to list all spells.
A beastly little devil appears in a puff of flame.
A worm comes into view.
The goblin misses your rat.
Your rat closely misses the goblin.
The goblin barely misses your rat.
Your crimson imp blinks!
Your rat bites the goblin.
You swap places.
The goblin completely misses you.
Your quokka bites the goblin.
The goblin dies!
You completely miss the worm. Your bite misses the worm.
You scratch the worm but do no damage.
Your quokka bites the worm.
The worm bites you!
Ouch! That really hurt!
You die...

Action                   || total
-------------------------++-------
Melee: Unarmed           ||    18
       Bite              ||     1
 Cast: Summon Small Mamm ||    22
       Call Imp          ||     2
 Stab: Sleeping          ||     3
Armor: Skin              ||     2
Dodge: Dodged            ||    10

Levels and vault maps discovered:
D:1:      giann_wishing_wells, layout_rooms, shapermc_ecumenical_altar_ellora
D:2:      layout_basic, minmay_pentomino_v2
D:3:      layout_basic, lemuel_round_altar
D:4:      minmay_chambers_of_threes, layout_layer_cave, lightli_temple_of_fire,
          nicolae_ru_awakened_eye, grunt_temple_overflow_order_and_chaos_1,
          nicolae_uskayaw_en_pointe, mainiacjoe_overflow_tiny_flanked,
          minmay_temple_entry_large_hall, minmay_shop_grid_forest, uniq_grinder

Notes
Turn   | Place    | Note
-------+----------+-------------------------------------------
     0 | D:1      | Sobieck the Felid Summoner began the quest for the Orb.
     0 | D:1      | Reached XP level 1. HP: 7/7 MP: 4/4
   536 | D:1      | Found a faded altar of an unknown god.
   634 | D:1      | Reached XP level 2. HP: 6/11 MP: 4/6
   637 | D:1      | Learned a level 2 spell: Call Imp
  1291 | D:2      | Slain by a worm

Vanquished Creatures
  An endoplasm (D:1)
  A jackal (D:1)
  A kobold (D:1)
  A ball python (D:3)
  A bat (D:1)
  2 frilled lizards
  A rat (D:1)
8 creatures vanquished.

Vanquished Creatures (collateral kills)
  A dart slug (D:1)
  A giant cockroach (D:1)
  2 goblins
  A hobgoblin (D:1)
  A jackal (D:1)
  A ball python (D:2)
7 creatures vanquished.

Grand Total: 15 creatures vanquished

Table legend:
 A = Non-vault XP
 B = Vault XP
 C = Vault XP percentage of total XP
 D = Non-vault monster count
 E = Vault monster count
 F = Vault count percentage of total count
                 A         B        C        D         E       F
            +---------+---------+-------+---------+---------+-------
      Total |      26 |       0 |   0.0 |      15 |       0 |   0.0
            +---------+---------+-------+---------+---------+-------
        D:1 |      20 |       0 |   0.0 |      10 |       0 |   0.0
        D:2 |       4 |       0 |   0.0 |       3 |       0 |   0.0
        D:3 |       2 |       0 |   0.0 |       2 |       0 |   0.0
            +---------+---------+-------+---------+---------+-------

Illustrated notes

Table legend:
 A = Kills in this place as a percentage of kills in entire the game.
 B = Kills by you in this place as a percentage of kills by you in the entire game.
 C = Kills by friends in this place as a percentage of kills by friends in the entire game.
 D = Other kills in this place as a percentage of other kills in the entire game.
 E = Experience gained in this place as a percentage of experience gained in the entire game.
 F = Experience gained in this place divided by the number of levels of this place that you have seen.
                   A       B       C       D       E      F
               +-------+-------+-------+-------+-------+----------------------
         Total | 100.0 | 100.0 | 100.0 |   N/A | 100.0 |   6.5
       Dungeon | 100.0 | 100.0 | 100.0 |   N/A | 100.0 |   6.5
               +-------+-------+-------+-------+-------+----------------------

Table legend: (Time is in decaauts)
 A = Elapsed time spent in this place.
 B = Non-inter-level travel time spent in this place.
 C = Inter-level travel time spent in this place.
 D = Time resting spent in this place.
 E = Time spent auto-exploring this place.
 F = Levels seen in this place.
 G = Mean time per level.
                   A        B        C        D        E       F      G
               +--------+--------+--------+--------+--------+-----+--------+
         Total |   1149 |   1117 |     32 |    248 |    658 |   4 |  287.2 |
       Dungeon |   1149 |   1117 |     32 |    248 |    658 |   4 |  287.2 |
               +--------+--------+--------+--------+--------+-----+--------+

Top non-repeatable levels by time:
     D:1: 948 daAuts
     D:2: 174 daAuts
     D:3: 24 daAuts
     D:4: 1 daAuts
